← All builds
Suicide front / Armada / Factory first / OBSERVED BUILD

Standard suicide front

Armada Suicide front build order · Supreme Isthmus

The role's baseline: Bot Lab at 0:21 then straight into reclaim-fed T1 bot production to contest the middle and hold until T2 arrives, with an Advanced Metal Extractor around 9:45.

#rush · 2038 distinct matches · 233 players · 72% of Armada Suicide front games · team won 59% of 2418 · Recently observed

HOW TO PLAY IT

Key timing: Bot Lab by 0:20

  1. Open with mex and lab-first to get Bot Lab up by 0:20.
  2. Expand mex and wind while lab pumps units toward middle.
  3. Push Sentry and early Rocketeer, Centurion to contest middle.
  4. Get T2 constructor out once Pond's boost lets you spare metal.
  5. Upgrade mex to Advanced Metal Extractor as you transition off T1 spam.

Phase by phase

TYPICAL OF ITS 2038 GAMES
  1. 1
  2. 2
  3. 3
PLAY THE OPENING

Follow the example game's first 6:00 step by step: what to build now, what comes next, and where it goes. At 1× it keeps pace with your own game.

  1. 1

    Bot Lab first

    Order
    1. Bot LabBot Lab done ~0:24, middle half 0:20–0:33

    Some games also: mex (44%)

  2. 2

    Bot Lab to 5:00

    Economy
    • Metal Extractor5Mex
    • Wind Turbine4Wind
    Builders
    • Construction Bot3 Con bot
    • Lazarus2 Lazarus
    Army
    • Sentry4 Sentry
    • Rocketeer16 Rocketeer
    • Tick2 Tick
    • Centurion1 Centurion
    Other
    • Radar Tower1 Radar Tower

    Some games also: pawn (38%) · con turret (34%)

    By 5:00 in all: 5 mex · 4 wind

    The example game in this phase · 38 steps
    1. Wind
    2. Construction BotCon bot
    3. Mex
    4. SentrySentry
    5. LazarusLazarus
    6. Mex
    7. Construction BotCon bot
    8. Radar TowerRadar Tower
    9. SentrySentry
    10. Construction BotCon bot
    11. CenturionCenturion
    12. Mex ×2
    13. SentrySentry
    14. RocketeerRocketeer
    15. SentrySentry
    16. Energy storage
    17. RocketeerRocketeer
    18. SentrySentry
    19. RocketeerRocketeer
    20. SentrySentry
    21. RocketeerRocketeer ×2
    22. TickTick
    23. SentrySentry
    24. RocketeerRocketeer
    25. SentrySentry
    26. RocketeerRocketeer
    27. Wind
    28. RocketeerRocketeer
    29. SentrySentry
    30. RocketeerRocketeer ×2
    31. Wind
    32. RocketeerRocketeer ×3
    33. Wind
    34. RocketeerRocketeer ×3
    35. Wind
    36. RocketeerRocketeer ×2
    37. Wind
    38. RocketeerRocketeer ×2
  3. 3

    5:00 to 10:00

    Economy
    • Metal Extractor1Mex
    • Wind Turbine15Wind
    Builders
    • Construction Turret2 Con turret
    • Lazarus2 Lazarus
    • Construction Bot1 Con bot
    Army
    • Sentry1 Sentry
    • Rocketeer8 Rocketeer

    Some games also: pawn (49%) · Radar Tower (46%) · tick (45%) · centurion (44%) · energy storage (43%) · eat Bot Lab (31%)

    By 10:00 in all: 6 mex · 21 wind · 1 energy storage · 2 con turret

    The example game in this phase · 88 steps
    1. LazarusLazarus ×2
    2. Wind
    3. LazarusLazarus
    4. Radar TowerRadar Tower
    5. Wind ×2
    6. TickTick ×3
    7. CenturionCenturion
    8. Wind
    9. Mex
    10. RocketeerRocketeer
    11. Wind
    12. RocketeerRocketeer ×2
    13. Con turret
    14. RocketeerRocketeer ×3
    15. Mex
    16. RocketeerRocketeer ×4
    17. Con turret
    18. RocketeerRocketeer ×3
    19. Converter
    20. Advanced Metal ExtractorT2 mexdone 9:48 · typical 9:46
    21. RocketeerRocketeer
    22. Wind ×2
    23. RocketeerRocketeer
    24. Wind ×3
    25. RocketeerRocketeer
    26. Wind
    27. RocketeerRocketeer ×2
    28. Advanced Metal ExtractorT2 mex
    29. LazarusLazarus
    30. TickTick ×4
    31. Advanced Metal ExtractorT2 mex
    32. Wind ×2
    33. Converter ×2
    34. Wind ×4
    35. PawnPawn
    36. Wind ×2
    37. Advanced Metal ExtractorT2 mex
    38. Wind
    39. PawnPawn
    40. Converter ×2
    41. PawnPawn
    42. Wind
    43. RattlesnakeRattlesnakenot finished by 15:00
    44. Con turret
    45. Wind ×2
    46. PawnPawn
    47. Wind ×3
    48. PawnPawn
    49. Wind ×2
    50. Converter
    51. PawnPawn
    52. Converter
    53. Wind
    54. PawnPawn
    55. Wind ×2
    56. PawnPawn
    57. Wind ×3
    58. PawnPawn
    59. Wind
    60. Con turret
    61. Wind
    62. Vehicle PlantVehicle Plantnot finished by 15:00
    63. Converter
    64. PawnPawn
    65. BeamerBeamer
    66. Converter
    67. Wind
    68. PawnPawn
    69. Wind ×2
    70. Con turret
    71. Wind
    72. Vehicle PlantVehicle Plantnot finished by 15:00
    73. Wind ×2
    74. Con turret
    75. Wind ×2
    76. Converter
    77. Vehicle PlantVehicle Plantdone 14:11
    78. Converter
    79. Wind ×3
    80. BlitzBlitz
    81. Wind ×2
    82. BlitzBlitz
    83. Wind ×3
    84. Converter
    85. BlitzBlitz
    86. Converter
    87. Wind
    88. BlitzBlitz ×2

Counts are medians over the build's games: half of them build more, half fewer. The example game is sunflower964795's (30 OS, 14/10/2026); pick another.

Team trades

IN AT LEAST 30% OF ITS GAMES

You hand over

Nothing regular.

You get

  • Tidal Generator4 Tidal from Pondfirst at 0:11 · in 68% of games
  • Advanced Construction Bot1 T2 con bot from Geo or Techfirst at 7:41 · in 57% of games

How it plays out

Typical game of this build, running totals by minute

Metal produced

010k20k
0:005:0010:0015:00

metal

Enemy metal destroyed

05k10k
0:005:0010:0015:00

metal

Own metal lost

05k10k
0:005:0010:0015:00

metal

2418 games.

Show as table
ByMetal produced: This buildEnemy metal destroyed: This buildOwn metal lost: This build
1:0023000
2:0088700
3:002009184130
4:003109644501
5:0041821350999
6:00534721831707
7:00653930542589
8:00775539383499
9:00904046924371
10:001041053125156
11:001188858565965
12:001357864016685
13:001539668707455
14:001730275038213
15:001925781138994
WHAT THE NUMBERS SAY

Standard Suicide front play wins a bit over half its games while taking the heaviest own losses of any role by 15:00.

  • + Produces 20142 metal by 15:00, highest of the front roles.
  • + First kill by 2:01 in all games, fastest contest of middle.
  • − Own metal lost hits 9178 by 15:00, more than enemy metal destroyed.
  • − Only 34% Rocketeer share shows army spread thin across many bot types.
THE EXAMPLE YOU ARE READING

sunflower964795

30.1 OS · 14/10/2026

Open source match ↗

5 received units · includes a constructor
131 metal received · 14698 energy received

Allied construction assistance is unknown. Timings are observations, not a promise of solo reproducibility.

Typical milestones

Bot Lab0:24Middle 50%: 0:20–0:33 · n=2410
Advanced Metal Extractor9:46Middle 50%: 8:50–10:58 · n=1749

Played most by

_X_264games of this buildPlatinumBlonde188games of this buildXad166games of this buildTrapCaT109games of this buildSoliloqueur81games of this build